 Dungeon Crawl Stone Soup version 0.28-a0-697-g47f3eba078 (webtiles) character file.

Game seed: 8711037963643459551

2403 ytrimaz the Cleaver (level 9, -2/59 (71) HPs)
             Began as a Formicid Fighter on Oct 23, 2021.
             Slain by a wraith (4 damage)
             ... on level 7 of the Dungeon.
             The game lasted 00:18:17 (9436 turns).

ytrimaz the Cleaver (Formicid Fighter)              Turns: 9436, Time: 00:18:18

HP:   -2/59 (71)    AC:  6    Str: 20 (23) XL:     9   Next: 75%
MP:   18/18         EV:  9    Int: 19      God:
Gold: 407           SH:  5    Dex: 10 (12) Spells: 8/8 levels left

rFire   . . .      SeeInvis +   a - +1 war axe
rCold   + . .      Faith    .   c - +0 buckler
rNeg    . . .      Spirit   .   b - +0 scale mail
rPois   +          Reflect  .   (helmet unavailable)
rElec   .          Harm     .   j - +0 cloak
rCorr   .          Rampage  .   (no gloves)
Will    .....                   (no boots)
Stlth   ..........              h - amulet of the acrobat
HPRegen 0.19/turn               d - +6 ring of intelligence
MPRegen 0.16/turn               k - ring "Neguan" {rPois rC+ MP+9 Int+4}

@: heavily drained
A: permanent stasis, dig shafts and tunnels, antennae 3, four strong arms, agile
1, deformed body, devolution 1
a: Dig, Shaft Self


You were on level 7 of the Dungeon.
You visited 1 branch of the dungeon, and saw 9 of its levels.

You collected 407 gold pieces.

Inventory:

Hand Weapons
 a - a +1 war axe (weapon)
Armour
 b - a +0 scale mail (worn)
 c - a +0 buckler (worn)
 j - a +0 cloak (worn)
 n - a +0 tower shield
Jewellery
 d - a +6 ring of intelligence (left hand)
 h - an amulet of the acrobat (around neck)
 k - the ring "Neguan" (right hand) {rPois rC+ MP+9 Int+4}
   (You acquired it on level 7 of the Dungeon)

   [ring of magical power]

   Int:       It affects your intelligence (+4).
   rC:        It protects you from cold.
   rPois:     It protects you from poison.
   MP:        It affects your magic capacity (+9).
Wands
 m - a wand of flame (15)
 o - a wand of digging (6)
Potions
 e - a potion of cancellation
 i - 2 potions of attraction


   Skills:
 * Level 6.5 Fighting
 * Level 9.0 Axes
 * Level 7.1 Armour
 * Level 6.2 Shields


You had 8 spell levels left.
You didn't know any spells.
Your spell library contained the following spells:

 Spells                   Type           Power      Damage    Failure   Level
 Animate Skeleton         Necr           0%         N/A       45%         1
 Apportation              Tloc           0%         N/A       45%         1
 Summon Small Mammal      Summ           0%         N/A       45%         1
 Passwall                 Tmut/Erth      0%         N/A       61%         2
 Tukima's Dance           Hex            0%         N/A       83%         3
 Passage of Golubria      Tloc           0%         N/A       99%         4
 Petrify                  Tmut/Erth      0%         N/A       99%         4
 Metabolic Englaciation   Hex/Ice        0%         N/A       100%        5
 Summon Forest            Summ/Tloc      0%         N/A       100%        5
 Yara's Violent Unravell  Hex/Tmut       0%         3d3       100%        5
 Conjure Ball Lightning   Conj/Air       0%         3x3d6     100%        6
 Eringya's Noxious Bog    Tmut/Pois      0%         N/A       100%        6
 Invisibility             Hex            0%         N/A       100%        6
 Statue Form              Tmut/Erth      0%         N/A       100%        6
 Summon Hydra             Summ           0%         N/A       100%        7
 Discord                  Hex            0%         N/A       100%        8
 Disjunction              Tloc           0%         N/A       100%        8
 Swiftness                Air            Unusable   N/A       N/A         3

Dungeon Overview and Level Annotations

Branches:
Dungeon (9/15)
 Temple: D:4-7         Lair: D:8-11         Orc: D:9-12

Altars:
Ru

Shops:
D:6 *


Innate Abilities, Weirdness & Mutations

You cannot be hasted, slowed, berserked, paralysed or teleported.
You can dig through walls and to a lower floor.
You have a pair of large antennae on your head. (SInv)
Your four strong arms can wield two-handed weapons with a shield.
You are agile. (Dex +2)
Armour fits poorly on your strangely shaped body.
You have hidden genetic defects.


Message History

You hit the wight.
The wight is moderately damaged.
The wight hits you with a +0 battleaxe.
You closely miss the wight.
The wight is moderately damaged.
The wight hits you with a +0 battleaxe!
* * * LOW HITPOINT WARNING * * *
You hit the wight but do no damage.
The wight is moderately damaged.
The wight barely misses you.
Unknown command.
You feel better. The wight hits you with a +0 battleaxe.
* * * LOW HITPOINT WARNING * * *
Drinking this now will have no effect.
Unknown command.
The wight misses you.
Things that are here:
a +0 robe; a +3 dagger You block the wight's attack.
There is a stone staircase leading down, spattered with blood here.
The wight barely misses you.
You climb downwards.
There is a stone staircase leading up here.
You start resting.
A wraith is nearby!
You are too injured to fight recklessly!
You slash the wraith!
The wraith is moderately damaged.
The wraith hits you!
* * * LOW HITPOINT WARNING * * *
The wraith drains your vigour!
Your stasis prevents you from being slowed.
You hit the wraith but do no damage.
The wraith is moderately damaged.
The wraith hits you!
* * * LOW HITPOINT WARNING * * *
The wraith drains your vigour!
Your stasis prevents you from being slowed.
The wraith hits you.
You die...

..##.######.#
#.....##..#.###.##.
.,*#.5.##...#
#.....##.##.....###
,,*###.##.#######....#....#####
# ,,* #.##.##.........####{# #
,,* #.##.##.####....# #.# # ,,*
#.##.##.#.......# #.# ***# ,,*
#.##.##.#<#.....# #.# *,,. ,,*
#${o.##...#W#..#####.# *,## ***
#########..@#........# *,,,
#######.######## ****,
#.......# *,,,, #.####### *,,,,
*****,* *,,,, #.,...#*** ######
*,,,, ####.##.>.,,* #....#
****, #)....#..#+#*
#....#########. #.....#..#_#
#.[............


You could see a wraith.

Vanquished Creatures
  Prince Ribbit (D:6)
  2 wraiths (D:7)
  A water moccasin (D:7)
  An orc warrior (D:8)
  A sky beast (D:6)
  A black bear (D:4)
  An ogre (D:6)
  A centaur (D:7)
  A phantom (D:4)
  3 bullfrogs
  A kobold brigand (D:7)
  A scorpion (D:6)
  2 killer bees (D:8)
  2 wights
  5 howler monkeys
  2 jellies
  4 orc priests
  2 iguanas (D:6)
  2 centaur skeletons
  6 orc wizards
  2 hound skeletons
  A howler monkey skeleton (D:5)
  4 adders
  2 white imps (D:8)
  An adder skeleton (D:4)
  7 worms
  2 dart slugs
  22 orcs
  2 ball pythons
  8 endoplasms
  2 giant cockroaches
  4 hobgoblins
  12 kobolds
  3 quokkas
  3 bats (D:3)
  10 frilled lizards
  7 goblins
  A rat (D:1)
133 creatures vanquished.

Vanquished Creatures (others)
  38 fungi (D:9)
  33 plants (D:9)
71 creatures vanquished.

Grand Total: 204 creatures vanquished

Notes
Turn   | Place    | Note
-------+----------+-------------------------------------------
     0 | D:1      | ytrimaz the Formicid Fighter began the quest for the Orb.
     0 | D:1      | Reached XP level 1. HP: 18/18 MP: 1/1
   454 | D:1      | Reached XP level 2. HP: 24/24 MP: 2/2
   886 | D:2      | Reached XP level 3. HP: 28/29 MP: 3/3
  1181 | D:2      | Reached XP level 4. HP: 37/37 MP: 4/4
  1937 | D:2      | Reached skill level 3 in Axes
  2184 | D:3      | Reached XP level 5. HP: 6/42 MP: 5/5
  2936 | D:3      | You fall into a shaft and drop 3 floors!
  2943 | D:5      | Entered Level 5 of the Dungeon
  3012 | D:5      | Reached XP level 6. HP: 48/48 MP: 6/6
  3220 | D:3      | Reached skill level 4 in Axes
  4138 | D:4      | Noticed a black bear
  4159 | D:4      | Killed a black bear
  4160 | D:4      | Reached skill level 5 in Axes
  4160 | D:4      | Reached skill level 5 in Armour
  4160 | D:4      | Reached XP level 7. HP: 35/55 MP: 7/7
  5031 | D:5      | Noticed a komodo dragon
  5372 | D:6      | Reached skill level 5 in Shields
  5372 | D:6      | Found Utahaub's General Store.
  5510 | D:6      | Reached XP level 8. HP: 61/61 MP: 8/8
  5519 | D:6      | Reached skill level 6 in Axes
  5658 | D:6      | Reached skill level 5 in Fighting
  6114 | D:6      | Noticed Prince Ribbit
  6129 | D:6      | Killed Prince Ribbit
  6130 | D:6      | Reached skill level 7 in Axes
  6307 | D:7      | Reached XP level 9. HP: 57/68 MP: 9/9
  6498 | D:7      | Identified a scroll of acquirement
  6498 | D:7      | Acquired the ring "Neguan" {rPois rC+ MP+9 Int+4}
  7002 | D:7      | Reached skill level 8 in Axes
  7004 | D:7      | Found a sacrificial altar of Ru.
  7389 | D:7      | Noticed a skeletal warrior
  7389 | D:7      | Found the +5 scythe "Finisher" {speed, eviscerate}
  8983 | D:6      | Gained mutation: You have hidden genetic defects. [potion
                  | of mutation]
  8983 | D:6      | Gained mutation: Armour fits poorly on your strangely
                  | shaped body. [potion of mutation]
  8983 | D:6      | Gained mutation: You are agile. (Dex +2) [potion of
                  | mutation]
  9015 | D:6      | Reached skill level 9 in Axes
  9436 | D:7      | HP: 2/59 [wraith (8)]
  9436 | D:7      | Slain by a wraith

Illustrated notes

Levels and vault maps discovered:
D:1:      amcnicky_arrival_wind_blow, layout_basic
D:2:      layout_basic, minmay_lizard_pond
D:3:      layout_basic
D:4:      layout_basic, minmay_misc_feat_tower, grunt_ministairs_6,
          amcnicky_mini_rare_corridor_liquid
D:5:      layout_rooms, minmay_temple_entry_poolview, serial_shops, shop
D:6:      layout_rooms, serial_shops, nicolae_shop_statue_plus,
          chequers_serial_rivers_room_a, feat_on_display, uniq_prince_ribbit1
D:7:      layout_basic, kennysheep_mini, minmay_guarded_unrand_finisher
D:8:      layout_gridville, minivault_24
D:9:      layout_irregular_city, due_lair_maze_entry_diamond, serial_shops,
          nicolae_lakefront_shop

Skill      XL: |  1  2  3  4  5  6  7  8  9 |
---------------+----------------------------+-----
Shields        | 4 5 6 |  6.2
Armour         | 4 5 6 7 |  7.1
Axes           | 3 5 7 9 |  9.0
Fighting       | 4 5 6 |  6.5

Action                   |  1- 3 |  4- 6 |  7- 9 || total
-------------------------+-------+-------+-------++-------
Melee: War axe           |    49 |   183 |   250 ||   482
 Abil: Dig               |     2 |     1 |    10 ||    13
  Use: Scroll            |       |     7 |     4 ||    11
       Potion            |       |     2 |     8 ||    10
 Stab: Invisible         |       |       |     1 ||     1
Armor: Scale mail        |    13 |   125 |    84 ||   222
Dodge: Dodged            |    17 |    86 |   169 ||   272
Block: Buckler           |     8 |    44 |    69 ||   121

Table legend: (Time is in decaauts)
 A = Elapsed time spent in this place.
 B = Non-inter-level travel time spent in this place.
 C = Inter-level travel time spent in this place.
 D = Time resting spent in this place.
 E = Time spent auto-exploring this place.
 F = Levels seen in this place.
 G = Mean time per level.
                   A        B        C        D        E       F      G
               +--------+--------+--------+--------+--------+-----+--------+
         Total |   9557 |   9284 |    273 |   2311 |   5155 |   9 | 1061.9 |
       Dungeon |   9557 |   9284 |    273 |   2311 |   5155 |   9 | 1061.9 |
               +--------+--------+--------+--------+--------+-----+--------+

Top non-repeatable levels by time:
     D:6: 1873 daAuts
     D:8: 1462 daAuts
     D:2: 1407 daAuts
     D:3: 1394 daAuts
     D:4: 1272 daAuts
     D:7: 916 daAuts
     D:1: 808 daAuts
     D:5: 343 daAuts
     D:9: 78 daAuts
